 Dungeon Crawl Stone Soup version 0.31.0-9-g3a7656b989 (webtiles) character file.

Game seed: 3951227052551116285

435 qw the Ducker (level 6, 0/30 HPs)
             Began as a Spriggan Hunter on Feb 2, 2024.
             Succumbed to an orc wizard's poison
             ... on level 5 of the Dungeon.
             The game lasted 00:00:15 (3175 turns).

qw the Ducker (Spriggan Hunter)                     Turns: 3175, Time: 00:00:16

Health: 0/30       AC:  2    Str:  7    XL:     6   Next: 68%
Magic:  7/7        EV: 22    Int: 11    God:
Gold:   204        SH:  0    Dex: 20    Spells: 5/5 levels left

rFire   . . .        a - +2 shortbow
rCold   . . .        (shield currently unavailable)
rNeg    . . .        c - +0 robe
rPois   .            (helmet restricted)
rElec   .            (no cloak)
rCorr   .            (gloves unavailable)
SInv    +            (boots unavailable)
Will    ++...        (no amulet)
Stlth   ++           b - ring of willpower
HPRegen 0.25/turn    (no ring)
MPRegen 0.10/turn

%: no passive effects
@: lethally poisoned (0 -> -14), very quick
A: very small, no large weapons, unfitting armour, see invisible, speed 3
a: no special abilities


You were on level 5 of the Dungeon.
You visited 1 branch of the dungeon, and saw 5 of its levels.

You collected 311 gold pieces.
You spent 107 gold pieces at shops.


Innate Abilities, Weirdness & Mutations

You are very small and have problems with some larger weapons.
You are too small for most types of armour.
You have supernaturally acute eyesight. (SInv)
You cover ground extremely quickly. (Speed+++)


   Skills:
 - Level 2.1 Fighting
 + Level 6.0 Ranged Weapons
 - Level 7.1 Dodging
 - Level 1.5 Stealth


You had 5 spell levels left.
You didn't know any spells.
Your spell library was empty.

Inventory:

Hand Weapons
 a - a +2 shortbow (weapon)
Armour
 c - a +0 robe (worn)
Jewellery
 b - a ring of willpower (left hand)
Wands
 h - a wand of flame (29)
Potions
 e - a potion of resistance
 f - 3 potions of mutation
 j - a potion of magic {unknown}
 k - a potion of experience {unknown}

Dungeon Overview and Level Annotations

Branches:
Dungeon (5/15)
 Temple: D:4-7

Altars:
Hepliaklqana

Shops:
D:1 *   D:2 *

Annotations:
D:5 Pikel


Message History

3165 ||| RETREEEEATING.
3166 ||| RETREEEEATING.
3167 ||| RETREEEEATING.
The orc wizard casts a spell at you. The magic dart hits you.
3168 ||| ZAPPING wand of paralysis (1) at 5,1 (Pikel; floor).
Aiming: Paralyse
Press: ? - help, Q - select action, (/) - cycle Shift-Dir - straight line, f - Pikel Pikel suddenly stops moving!
The now-empty wand crumbles to dust.
The orc wizard casts a spell.
The orc wizard flickers and vanishes for a moment.
You shoot an arrow. The arrow hits the lemure!
The lemure is moderately wounded.
The orc wizard casts a spell.
The orc wizard flickers and vanishes for a moment.
You shoot an arrow. The arrow closely misses the lemure.
You shoot an arrow. The arrow closely misses the lemure.
The arrow hits the lemure.
The lemure is moderately wounded.
The lemure hits you!
You shoot an arrow. The arrow hits the lemure.
The lemure is moderately wounded.
The lemure barely misses you. The lemure hits you!
A scorpion comes into view.
You shoot an arrow. The arrow hits the lemure.
The lemure is moderately wounded.
The orc wizard hits you with a +0 dagger of venom.
You are lethally poisoned!
The orc closely misses you. The lemure misses you. x2
You shoot an arrow. The arrow hits the lemure!
The lemure is severely wounded.
You feel very sick.
The orc wizard hits you with a +0 dagger of venom.
You are more poisoned.
The orc closely misses you. The lemure completely misses you.
The lemure misses you.
You shoot an arrow. The arrow barely misses the lemure.
The arrow hits the lemure.
The lemure is moderately wounded.
You die...

.## #...# #...#
#...## ##....##
###......###
###@55..s.$..###
##.oo55..K.$.....
#<..o..........#
#..............#
#.!.......<.....#
#......(........#
#................#
##..............$#
................#


You could see Pikel (paralysed), 4 lemures, a scorpion, 2 orc wizards and an
orc.

Vanquished Creatures
  Menkaure (D:4)
  A scorpion (D:4)
  Ijyb (D:4)
  Terence (D:3)
  An iguana (D:4)
  Robin (D:3)
  4 gnolls (D:2)
  6 adders
  11 ball pythons
  6 endoplasms (D:1)
  A giant cockroach (D:1)
  11 goblins
  10 hobgoblins
  4 jackals (D:2)
  A quokka (D:4)
  6 bats
  4 frilled lizards
  6 kobolds
  6 rats (D:1)
82 creatures vanquished.

Vanquished Creatures (others)
  A goblin (D:3)
1 creature vanquished.

Grand Total: 83 creatures vanquished

Notes
Turn   | Place    | Note
-------+----------+-------------------------------------------
     0 | D:1      | qw the Spriggan Hunter began the quest for the Orb.
     0 | D:1      | Reached XP level 1. HP: 10/10 MP: 2/2
     0 | D:1      | 0 ||| qw: Version: 0.3-a-155-g5e7d8dd
     0 | D:1      | 0 ||| qw: Game counter: 1738
     0 | D:1      | 0 ||| qw: Melee chars always use a shield: true
     0 | D:1      | 0 ||| qw: God list: Okawaru
     0 | D:1      | 0 ||| qw: Allow faded altars: false
     0 | D:1      | 0 ||| qw: Do Orc after clearing Dungeon:15 true
     0 | D:1      | 0 ||| qw: Do second Lair branch before Depths: true
     0 | D:1      | 0 ||| qw: Lair rune preference: random
     0 | D:1      | 0 ||| qw: Goals: Normal
     0 | D:1      | 0 ||| PLANNING D:1-11
    32 | D:1      | Reached skill level 3 in Dodging
   166 | D:1      | 166 ||| DROPPING +0 sling of draining.
   182 | D:1      | Reached XP level 2. HP: 14/14 MP: 3/3
   220 | D:1      | Reached skill level 4 in Dodging
   439 | D:1      | Found Veitu's Assorted Antiques.
   447 | D:1      | 447 ||| BUYING scroll labelled KOPHAUPPIU (22 gold).
   447 | D:1      | Bought a scroll labelled KOPHAUPPIU for 22 gold pieces
   447 | D:1      | 447 ||| SHOPLISTING scroll labelled LAIMPO JAOXZUO (22
                  | gold, have 16).
   490 | D:1      | Found a faded altar of an unknown god.
   641 | D:1      | Reached XP level 3. HP: 18/18 MP: 4/4
   744 | D:1      | 744 ||| READING scroll labelled FUXIOT QEROULY.
   744 | D:1      | 744 ||| IDENTIFYING grey potion
   745 | D:1      | 745 ||| READING scroll labelled KOPHAUPPIU.
   746 | D:1      | 746 ||| DROPPING scroll of butterflies.
   747 | D:1      | 747 ||| DROPPING potion of brilliance.
   749 | D:1      | 749 ||| Stepping ~*~*~tactically~*~*~ (cloud).
   757 | D:1      | HP: 4/18 [poisoned by you (poison gas)]
  1038 | D:2      | 1038 ||| UPGRADING to ring of willpower.
  1083 | D:2      | Reached XP level 4. HP: 22/22 MP: 5/5
  1211 | D:2      | Reached skill level 5 in Dodging
  1513 | D:2      | Found Sewumiwk's Assorted Antiques.
  1518 | D:2      | 1518 ||| BUYING inky potion (19 gold).
  1518 | D:2      | Bought an inky potion for 19 gold pieces
  1518 | D:2      | 1518 ||| BUYING scroll labelled WAHEEX VUBREGEI (22 gold).
  1518 | D:2      | Bought a scroll labelled WAHEEX VUBREGEI for 22 gold pieces
  1518 | D:2      | 1518 ||| BUYING scroll of identify (44 gold).
  1518 | D:2      | Bought a scroll of identify for 44 gold pieces
  1570 | D:2      | 1570 ||| READING scroll of identify.
  1570 | D:2      | 1570 ||| IDENTIFYING blue potion
  1571 | D:2      | 1571 ||| READING scroll labelled LAIMPO JAOXZUO.
  1672 | D:2      | 1672 ||| READING scroll labelled ZEANOXTEIK.
  1673 | D:2      | 1673 ||| READING 2 scrolls labelled XARGHA SAFFEVEMM.
  1673 | D:2      | 1673 ||| ENCHANTING +0 shortbow.
  1674 | D:2      | 1674 ||| READING scroll of enchant weapon.
  1674 | D:2      | 1674 ||| ENCHANTING +1 shortbow.
  1675 | D:2      | 1675 ||| READING scroll labelled WAHEEX VUBREGEI.
  1685 | D:3      | 1685 ||| STAIRDANCE
  1920 | D:3      | Reached XP level 5. HP: 26/26 MP: 6/6
  1924 | D:3      | Noticed Robin
  1931 | D:3      | Killed Robin
  1932 | D:3      | 1932 ||| FLEEEEING.
  1933 | D:3      | 1933 ||| FLEEEEING.
  1934 | D:3      | 1934 ||| FLEEEEING.
  1939 | D:3      | 1939 ||| FLEEEEING.
  1940 | D:3      | 1940 ||| FLEEEEING.
  1941 | D:3      | 1941 ||| FLEEEEING.
  1942 | D:3      | 1942 ||| FLEEEEING.
  1944 | D:3      | 1944 ||| FLEEEEING.
  1945 | D:3      | 1945 ||| FLEEEEING.
  1946 | D:3      | 1946 ||| FLEEEEING.
  1947 | D:3      | 1947 ||| FLEEEEING.
  1948 | D:3      | 1948 ||| FLEEEEING.
  1949 | D:3      | 1949 ||| FLEEEEING.
  1950 | D:3      | 1950 ||| FLEEEEING.
  1951 | D:3      | 1951 ||| FLEEEEING.
  1952 | D:3      | 1952 ||| FLEEEEING.
  1953 | D:3      | 1953 ||| FLEEEEING.
  1954 | D:3      | 1954 ||| FLEEEEING.
  1955 | D:3      | 1955 ||| FLEEEEING.
  1956 | D:3      | 1956 ||| FLEEEEING.
  1957 | D:3      | 1957 ||| FLEEEEING.
  1960 | D:3      | 1960 ||| FLEEEEING.
  1965 | D:3      | 1965 ||| FLEEEEING.
  1966 | D:3      | 1966 ||| FLEEEEING.
  1968 | D:3      | 1968 ||| FLEEEEING.
  1969 | D:3      | 1969 ||| FLEEEEING.
  1970 | D:3      | 1970 ||| FLEEEEING.
  1971 | D:3      | 1971 ||| FLEEEEING.
  1972 | D:3      | 1972 ||| FLEEEEING.
  1973 | D:3      | 1973 ||| FLEEEEING.
  1974 | D:3      | 1974 ||| FLEEEEING.
  1975 | D:3      | 1975 ||| FLEEEEING.
  2047 | D:3      | 2047 ||| FLEEEEING.
  2049 | D:3      | 2049 ||| FLEEEEING.
  2110 | D:3      | Noticed Terence
  2117 | D:3      | Killed Terence
  2375 | D:3      | 2375 ||| READING 2 scrolls of identify.
  2375 | D:3      | 2375 ||| IDENTIFYING inky potion
  2376 | D:3      | 2376 ||| READING scroll of identify.
  2376 | D:3      | 2376 ||| IDENTIFYING 2 lumpy black potions
  2377 | D:3      | 2377 ||| READING scroll labelled FAPODDOYGO.
  2378 | D:3      | 2378 ||| DROPPING potion of degeneration.
  2458 | D:4      | Reached skill level 6 in Ranged Weapons
  2517 | D:4      | Reached XP level 6. HP: 24/30 MP: 7/7
  2610 | D:4      | Found a hazy altar of Hepliaklqana.
  2634 | D:4      | Noticed Ijyb
  2645 | D:4      | Killed Ijyb
  3114 | D:4      | Noticed Menkaure
  3115 | D:4      | 3115 ||| ZAPPING wand of paralysis (5) at -1,3 (Menkaure;
                  | floor).
  3116 | D:4      | 3116 ||| ZAPPING wand of flame (33) at -1,2 (Menkaure;
                  | floor).
  3117 | D:4      | 3117 ||| ZAPPING wand of paralysis (4) at -1,2 (Menkaure;
                  | floor).
  3118 | D:4      | 3118 ||| ZAPPING wand of paralysis (3) at -1,1 (Menkaure;
                  | floor).
  3119 | D:4      | 3119 ||| ZAPPING wand of paralysis (2) at -1,1 (Menkaure;
                  | floor).
  3125 | D:4      | 3125 ||| ZAPPING wand of flame (32) at -1,1 (Menkaure;
                  | floor).
  3126 | D:4      | 3126 ||| ZAPPING wand of flame (31) at -1,1 (Menkaure;
                  | floor).
  3127 | D:4      | 3127 ||| ZAPPING wand of flame (30) at -1,1 (Menkaure;
                  | floor).
  3127 | D:4      | Killed Menkaure
  3128 | D:4      | Reached skill level 7 in Dodging
  3137 | D:4      | 3137 ||| READING scroll of identify.
  3137 | D:4      | 3137 ||| IDENTIFYING pink potion
  3138 | D:4      | 3138 ||| DROPPING potion of attraction.
  3162 | D:5      | Entered Level 5 of the Dungeon
  3162 | D:5      | Noticed Pikel
  3163 | D:5      | 3163 ||| RETREEEEATING.
  3164 | D:5      | 3164 ||| RETREEEEATING.
  3165 | D:5      | 3165 ||| RETREEEEATING.
  3166 | D:5      | 3166 ||| RETREEEEATING.
  3167 | D:5      | 3167 ||| RETREEEEATING.
  3168 | D:5      | 3168 ||| ZAPPING wand of paralysis (1) at 5,1 (Pikel;
                  | floor).
  3174 | D:5      | HP: 7/30 [poisoned by an orc wizard]
  3175 | D:5      | Succumbed to an orc wizard's poison

Levels and vault maps discovered:
D:1:      amcnicky_arrival_single_pillar, layout_loops_ring, serial_shops, shop,
          shapermc_ecumenical_altar_mp_urbaneastern, minmay_misc_feat_tower
D:2:      minmay_inner_zag, layout_basic, serial_shops, shop
D:3:      layout_loops_ring, uniq_terence, uniq_robin
D:4:      layout_loops_cross, mainiacjoe_overflow_24_doors, uniq_menkaure,
          uniq_ijyb
D:5:      layout_cave_pods, grunt_temple_overflow_open, uniq_pikel

Skill      XL: |  1  2  3  4  5  6 |
---------------+-------------------+-----
Dodging        | 3 4 5 7 |  7.1
Ranged Weapons | 5 6 |  6.0
Fighting       | 2 |  2.1
Stealth        | |  1.5

Action                     |  1- 3 |  4- 6 || total
---------------------------+-------+-------++-------
   Fire: Shortbow          |    92 |   150 ||   242
  Evoke: Wand              |       |     9 ||     9
    Use: Scroll            |     2 |    10 ||    12
 Armour: Robe              |     3 |    27 ||    30
  Dodge: Dodged            |    18 |    85 ||   103

Table legend:
 A = Non-vault XP
 B = Vault XP
 C = Vault XP percentage of total XP
 D = Non-vault monster count
 E = Vault monster count
 F = Vault count percentage of total count
                 A         B        C        D         E       F
            +---------+---------+-------+---------+---------+-------
      Total |     305 |     317 |  51.0 |      63 |      20 |  24.1
            +---------+---------+-------+---------+---------+-------
        D:1 |      43 |       0 |   0.0 |      29 |       0 |   0.0
        D:2 |      97 |      29 |  23.0 |      16 |       4 |  20.0
        D:3 |      28 |      74 |  72.5 |      11 |      14 |  56.0
        D:4 |     137 |     214 |  61.0 |       7 |       2 |  22.2
            +---------+---------+-------+---------+---------+-------
